3L
WIZARDING EXPRESS @ HOUSTON 1837 BBC
08/01/2034
 
TOP OF THE 1ST
Wizarding Express batting - Pitching for Houston 1837 BBC : RHP Darweshi Hadiya
Pitching: RHP Darweshi Hadiya
Batting: LHB Jesús Lazcano 0-0: Ball
1-0: Ball
2-0: Called Strike
2-1: Ball
3-1: Foul Ball, location: 2F
3-2: Fly out, F7 (Line Drive, 7)
Batting: RHB Ralph Cranford 0-0: Ball
1-0: Ball
2-0: Ball
3-0: Called Strike
3-1: Swinging Strike
3-2: SINGLE (Flyball, 9LS)
Batting: RHB Robinson Barquero 0-0: Ball
1-0: Called Strike
Ralph Cranford steals 2nd base
1-1: Ball
2-1: Foul Ball, location: 2F
2-2: Reached on error, E5 (Groundball, 56)
Ralph Cranford to third
Batting: LHB Jin-yong Myung 0-0: Called Strike
0-1: Ball
1-1: Ball
2-1: Ball
3-1: Called Strike
3-2: Fly out, F8 (Flyball, 8LM)
Batting: LHB Adrian McCoy 0-0: Ball
1-0: Foul Ball, location: 2F
1-1: Fly out, F9 (Line Drive, 9)
Top of the 1st over - 0 runs, 1 hit, 1 error, 2 left on base; Wizarding 0 - Houston 0
BOTTOM OF THE 1ST
Houston 1837 BBC batting - Pitching for Wizarding Express : RHP Fred Gunther
Pitching: RHP Fred Gunther
Batting: LHB Kai-ge Choe 0-0: Ball
1-0: Called Strike
1-1: Ball
2-1: Ball
3-1: Base on Balls
Batting: LHB Scott Kerin 0-0: Ball
1-0: Ball
2-0: Grounds into double play, 5-4-3 (Groundball, 56)
Batting: RHB Jon Osterman 0-0: Ball
1-0: Ball
2-0: Ball
3-0: Called Strike
3-1: SINGLE (Groundball, 56D)
Batting: RHB Joey Trifone 0-0: Ball
Jon Osterman is caught stealing 2nd base
Bottom of the 1st over - 0 runs, 1 hit, 0 errors, 0 left on base; Wizarding 0 - Houston 0
TOP OF THE 2ND
Wizarding Express batting - Pitching for Houston 1837 BBC : RHP Darweshi Hadiya
Batting: SHB Salvador Trevino 0-0: Ball
1-0: Ball
2-0: Ball
3-0: Called Strike
3-1: SOLO HOME RUN (Flyball, 9LD), Distance : 360 ft
Batting: RHB Louis Gibbons 0-0: Called Strike
0-1: Ball
1-1: Ball
2-1: Ball
3-1: Fly out, F8 (Line Drive, 89M)
Batting: LHB António Boccanegra 0-0: Called Strike
0-1: Swinging Strike
0-2: Ball
1-2: Foul Ball, location: 2F
1-2: Ball
2-2: Foul Ball, location: 2F
2-2: Ground out 4-3 (Groundball, 4)
Batting: RHB Panas Pletnev 0-0: Swinging Strike
0-1: Ground out 6-3 (Groundball, 6MS)
Top of the 2nd over - 1 run, 1 hit, 0 errors, 0 left on base; Wizarding 1 - Houston 0
BOTTOM OF THE 2ND
Houston 1837 BBC batting - Pitching for Wizarding Express : RHP Fred Gunther
Batting: RHB Joey Trifone 0-0: SOLO HOME RUN (Flyball, 7LD), Distance : 367 ft
Batting: RHB Phil Sherman 0-0: Foul Ball, location: 2F
0-1: Ball
1-1: Foul Ball, location: 2F
1-2: Foul Ball, location: 2F
1-2: Foul Ball, location: 2F
1-2: Ball
2-2: Ball
3-2: Foul Ball, location: 2F
3-2: Foul Ball, location: 2F
3-2: Strikes out swinging
Batting: LHB Mike Houston 0-0: Ball
1-0: Ball
2-0: Called Strike
2-1: Foul Ball, location: 2F
2-2: Ball
3-2: SINGLE (Groundball, 3S) (infield hit)
Batting: RHB Komotay Koffie 0-0: Ball
1-0: Ball
2-0: Called Strike
2-1: Foul Ball, location: 2F
2-2: Strikes out swinging
Batting: LHB Owen Sharts 0-0: Ball
1-0: Ball
Mike Houston steals 2nd base
2-0: Called Strike
2-1: Ball
3-1: Called Strike
3-2: Base on Balls
Batting: RHB Juan Chávez 0-0: Ball
1-0: Ball
2-0: Ball
3-0: Called Strike
3-1: Base on Balls
Mike Houston to third
Owen Sharts to second
Batting: LHB Kai-ge Choe 0-0: Called Strike
0-1: Ball
1-1: SINGLE (Groundball, 6D)
Mike Houston scores
Owen Sharts to third
Juan Chávez to second
Runner from 3rd tries for Home, SAFE, no throw
Batting: LHB Scott Kerin 0-0: Ball
1-0: Called Strike
1-1: Foul Ball, location: 2F
1-2: Ball
2-2: Ball
3-2: Base on Balls
Juan Chávez to third
Kai-ge Choe to second
Batting: RHB Jon Osterman 0-0: Called Strike
0-1: Ball
1-1: Called Strike
1-2: Ball
2-2: Ball
3-2: Strikes out looking
Bottom of the 2nd over - 3 runs, 3 hits, 0 errors, 3 left on base; Wizarding 1 - Houston 3
TOP OF THE 3RD
Wizarding Express batting - Pitching for Houston 1837 BBC : RHP Darweshi Hadiya
Batting: LHB Jesús Lazcano 0-0: Ball
1-0: Called Strike
1-1: Ground out 3-1 (Groundball, 34S)
Batting: RHB Ralph Cranford 0-0: Ball
1-0: Ball
2-0: Foul Ball, location: 2F
2-1: Ball
3-1: Base on Balls
Batting: RHB Robinson Barquero 0-0: Ball
Wild Pitch!
Ralph Cranford to second
1-0: Foul Ball, location: 2F
1-1: Ball
2-1: Ball
3-1: Foul Ball, location: 2F
3-2: Base on Balls
Batting: LHB Jin-yong Myung 0-0: Ball
1-0: Ball
2-0: Called Strike
2-1: Reached via error on a dropped throw, E6
Ralph Cranford to third
Robinson Barquero to second
Batting: LHB Adrian McCoy 0-0: Swinging Strike
0-1: Called Strike
0-2: Strikes out looking
Batting: SHB Salvador Trevino 0-0: Foul Ball, location: 2F
0-1: Ball
1-1: Called Strike
1-2: Ball
2-2: Ball
3-2: Foul Ball, location: 2F
3-2: SINGLE (Groundball, 6D)
Ralph Cranford scores
Robinson Barquero to third
Jin-yong Myung to second
Robinson Barquero scores
Jin-yong Myung to third
Batting: RHB Louis Gibbons 0-0: Called Strike
0-1: Ball
1-1: Foul Ball, location: 2F
1-2: Ball
2-2: Strikes out looking
Top of the 3rd over - 2 runs, 1 hit, 1 error, 2 left on base; Wizarding 3 - Houston 3
BOTTOM OF THE 3RD
Houston 1837 BBC batting - Pitching for Wizarding Express : RHP Fred Gunther
Batting: RHB Joey Trifone 0-0: Called Strike
0-1: Foul Ball, location: 2F
0-2: Ball
1-2: Ball
2-2: Foul Ball, location: 2F
2-2: Foul Ball, location: 2F
2-2: Ball
3-2: SOLO HOME RUN (Flyball, 7LD), Distance : 372 ft
Batting: RHB Phil Sherman 0-0: Ball
1-0: Ball
2-0: Ball
3-0: Base on Balls
Batting: LHB Mike Houston 0-0: Ball
1-0: Foul Ball, location: 2F
1-1: Ball
2-1: Called Strike
2-2: Foul Ball, location: 2F
2-2: Ball
3-2: Strikes out swinging
Batting: RHB Komotay Koffie 0-0: Called Strike
0-1: Called Strike
0-2: Ball
1-2: Ball
2-2: Fly out, F7 (Flyball, 78M)
Batting: LHB Owen Sharts 0-0: Called Strike
0-1: Foul Ball, location: 2F
0-2: Ball
1-2: Ball
2-2: Fly out, F9 (Flyball, 9LS)
Bottom of the 3rd over - 1 run, 1 hit, 0 errors, 1 left on base; Wizarding 3 - Houston 4
TOP OF THE 4TH
Wizarding Express batting - Pitching for Houston 1837 BBC : RHP Darweshi Hadiya
Batting: LHB António Boccanegra 0-0: Ball
1-0: Fly out, F7 (Flyball, 7S)
Pitching: RHP Won-u Yi
Batting: RHB Panas Pletnev 0-0: Called Strike
0-1: Foul Ball, location: 2F
0-2: Ball
1-2: Ball
2-2: Ball
3-2: Base on Balls
Batting: LHB Jesús Lazcano 0-0: Called Strike
0-1: Ball
1-1: Ball
2-1: Foul Ball, location: 2F
2-2: Fly out, F8 (Line Drive, 89M)
Batting: RHB Ralph Cranford 0-0: Called Strike
0-1: Ball
1-1: Fielders Choice at 2nd, 5-4 (Groundball, 56)
Top of the 4th over - 0 runs, 0 hits, 0 errors, 1 left on base; Wizarding 3 - Houston 4
BOTTOM OF THE 4TH
Houston 1837 BBC batting - Pitching for Wizarding Express : RHP Fred Gunther
Pitching: RHP Biff Tannen
Batting: RHB Juan Chávez 0-0: Foul Ball, location: 2F
0-1: SINGLE (Groundball, 4MD)
Batting: LHB Kai-ge Choe 0-0: Foul Ball, location: 2F
0-1: Ball
1-1: Called Strike
1-2: Ball
2-2: Ball
3-2: Foul Ball, location: 2F
3-2: SINGLE (Groundball, 4MD)
Juan Chávez to second
Runner from 2nd tries for 3rd, SAFE, no throw
Batting: LHB Scott Kerin 0-0: Ball
1-0: Swinging Strike
1-1: Foul Ball, location: 2F
1-2: Ball
2-2: Ball
3-2: Base on Balls
Kai-ge Choe to second
Batting: RHB Jon Osterman 0-0: Swinging Strike
0-1: Called Strike
0-2: Strikes out swinging
Batting: RHB Joey Trifone 0-0: Ball
1-0: Ball
2-0: Ball
3-0: Base on Balls
Juan Chávez scores
Kai-ge Choe to third
Scott Kerin to second
Batting: RHB Phil Sherman 0-0: Ball
1-0: Called Strike
1-1: Swinging Strike
1-2: Fly out, F5 (Line Drive, 5)
Lined into DP, 5-4 (Line Drive, 5)
Bottom of the 4th over - 1 run, 2 hits, 0 errors, 2 left on base; Wizarding 3 - Houston 5
TOP OF THE 5TH
Wizarding Express batting - Pitching for Houston 1837 BBC : RHP Won-u Yi
Batting: RHB Robinson Barquero 0-0: Called Strike
0-1: Swinging Strike
0-2: Ball
1-2: Foul Ball, location: 2F
1-2: Ball
2-2: Strikes out swinging
Batting: LHB Jin-yong Myung 0-0: Ground out 5-3 (Groundball, 56S)
Batting: LHB Adrian McCoy 0-0: Called Strike
0-1: Ball
1-1: Ball
2-1: Ball
3-1: Fly out, F9 (Flyball, 9LS)
Top of the 5th over - 0 runs, 0 hits, 0 errors, 0 left on base; Wizarding 3 - Houston 5
BOTTOM OF THE 5TH
Houston 1837 BBC batting - Pitching for Wizarding Express : RHP Biff Tannen
Batting: LHB Mike Houston 0-0: Ball
1-0: Called Strike
1-1: Ball
2-1: Swinging Strike
2-2: Ball
3-2: Foul Ball, location: 2F
3-2: Foul Ball, location: 2F
3-2: Foul Ball, location: 2F
3-2: Foul Ball, location: 2F
3-2: Ground out 1-3 (Groundball, 13S)
Pitching: RHP Marv Bradford
Batting: RHB Komotay Koffie 0-0: Called Strike
0-1: Ball
1-1: Foul Ball, location: 2F
1-2: Strikes out looking
Batting: LHB Owen Sharts 0-0: Foul Ball, location: 2F
0-1: Ball
1-1: Foul Ball, location: 2F
1-2: Fly out, F9 (Flyball, 89M)
Bottom of the 5th over - 0 runs, 0 hits, 0 errors, 0 left on base; Wizarding 3 - Houston 5
TOP OF THE 6TH
Wizarding Express batting - Pitching for Houston 1837 BBC : RHP Won-u Yi
Batting: SHB Salvador Trevino 0-0: Called Strike
0-1: Ball
1-1: Ground out U3 (Groundball, 3)
Batting: RHB Louis Gibbons 0-0: Swinging Strike
0-1: Swinging Strike
0-2: Ball
1-2: Strikes out swinging
Batting: LHB António Boccanegra 0-0: Ball
1-0: Fly out, F7 (Flyball, 78S)
Top of the 6th over - 0 runs, 0 hits, 0 errors, 0 left on base; Wizarding 3 - Houston 5
BOTTOM OF THE 6TH
Houston 1837 BBC batting - Pitching for Wizarding Express : RHP Marv Bradford
Batting: RHB Juan Chávez 0-0: Called Strike
0-1: Ball
1-1: Ball
2-1: Fly out, F4 (Popup, 4)
Batting: LHB Kai-ge Choe 0-0: Called Strike
0-1: Ball
1-1: Fly out, F6 (Popup, 6S)
Batting: LHB Scott Kerin 0-0: Ball
1-0: Called Strike
1-1: Ball
2-1: Called Strike
2-2: Foul Ball, location: 2F
2-2: Fly out, F8 (Flyball, 8LD)
Bottom of the 6th over - 0 runs, 0 hits, 0 errors, 0 left on base; Wizarding 3 - Houston 5
TOP OF THE 7TH
Wizarding Express batting - Pitching for Houston 1837 BBC : RHP Won-u Yi
Batting: RHB Panas Pletnev 0-0: Called Strike
0-1: Foul Ball, location: 2F
0-2: Foul Ball, location: 2F
0-2: Ball
1-2: Ball
2-2: Ball
3-2: Foul Ball, location: 2F
3-2: Strikes out looking and he ARGUES THE CALL AND IS TOSSED!
Batting: LHB Jesús Lazcano 0-0: Called Strike
0-1: Swinging Strike
0-2: Strikes out looking
Batting: RHB Ralph Cranford 0-0: Foul Ball, location: 2F
0-1: Ball
1-1: Called Strike
1-2: Ball
2-2: SINGLE (Line Drive, 6MD)
Batting: RHB Robinson Barquero 0-0: Ball
1-0: Foul Ball, location: 2F
1-1: Ball
2-1: Foul Ball, location: 2F
2-2: Foul Ball, location: 2F
2-2: Fly out, F3 (Popup, 23F)
Top of the 7th over - 0 runs, 1 hit, 0 errors, 1 left on base; Wizarding 3 - Houston 5
BOTTOM OF THE 7TH
Houston 1837 BBC batting - Pitching for Wizarding Express : RHP Marv Bradford
Now at 3B: Paul Penrice
Batting: RHB Jon Osterman 0-0: Called Strike
0-1: Foul Ball, location: 2F
0-2: SINGLE (Groundball, 56S) (infield hit)
Batting: RHB Joey Trifone 0-0: Ball
1-0: Ball
2-0: Ball
3-0: Base on Balls
Jon Osterman to second
Batting: RHB Phil Sherman 0-0: Swinging Strike
0-1: Ball
1-1: Swinging Strike
1-2: Ball
2-2: Ball
3-2: Strikes out looking
Batting: LHB Mike Houston 0-0: Ball
1-0: Ball
2-0: Ball
Jon Osterman is caught stealing 3rd base
3-0: Base on Balls
Joey Trifone to second
Batting: RHB Komotay Koffie 0-0: Ball
1-0: SINGLE (Line Drive, 78M)
Joey Trifone to third
Mike Houston to second
Runner from 3rd tries for Home, SAFE, no throw
Pitching: LHP León Vallejo
Batting: LHB Owen Sharts 0-0: Ground out 5-3 (Groundball, 56S)
Bottom of the 7th over - 1 run, 2 hits, 0 errors, 2 left on base; Wizarding 3 - Houston 6
TOP OF THE 8TH
Wizarding Express batting - Pitching for Houston 1837 BBC : RHP Won-u Yi
Batting: LHB Jin-yong Myung 0-0: Fly out, F2 (Popup, 15S)
Batting: LHB Adrian McCoy 0-0: Ball
1-0: Ball
2-0: Foul Ball, location: 2F
2-1: Fly out, F8 (Flyball, 8RM)
Batting: SHB Salvador Trevino 0-0: Ball
1-0: Ground out 5-3 (Groundball, 56S)
Top of the 8th over - 0 runs, 0 hits, 0 errors, 0 left on base; Wizarding 3 - Houston 6
BOTTOM OF THE 8TH
Houston 1837 BBC batting - Pitching for Wizarding Express : LHP León Vallejo
Batting: RHB Juan Chávez 0-0: Ball
1-0: Fly out, F9 (Flyball, 9S)
Pitching: RHP Carlos Salcido
Batting: LHB Kai-ge Choe 0-0: DOUBLE (Line Drive, 3D)
Batting: LHB Scott Kerin 0-0: Intentional Walk
Batting: RHB Jon Osterman 0-0: Foul Ball, location: 2F
0-1: Ball
1-1: DOUBLE (Line Drive, 78D)
Kai-ge Choe scores
Scott Kerin to third
Runner from 3rd tries for Home, SAFE, no throw
Batting: RHB Joey Trifone 0-0: Ball
1-0: Ball
2-0: Ball
Jon Osterman steals 3rd base
3-0: Base on Balls
Batting: RHB Phil Sherman 0-0: Ball
1-0: Swinging Strike
1-1: Called Strike
1-2: Strikes out swinging
Batting: LHB Mike Houston 0-0: Foul Ball, location: 2F
0-1: Called Strike
0-2: Ball
1-2: Ball
2-2: Ball
3-2: Base on Balls
Joey Trifone to second
Batting: RHB Komotay Koffie 0-0: Called Strike
0-1: Foul Ball, location: 2F
0-2: Strikes out swinging
Bottom of the 8th over - 2 runs, 2 hits, 0 errors, 3 left on base; Wizarding 3 - Houston 8
TOP OF THE 9TH
Wizarding Express batting - Pitching for Houston 1837 BBC : RHP Won-u Yi
Batting: RHB Louis Gibbons 0-0: Ball
1-0: Foul Ball, location: 2F
1-1: Ball
2-1: Fly out, F9 (Flyball, 9S)
Batting: LHB António Boccanegra 0-0: Called Strike
0-1: Fly out, F6 (Popup, 6MD)
Batting: RHB Paul Penrice 0-0: Called Strike
0-1: Swinging Strike
0-2: Ball
1-2: Ball
2-2: Foul Ball, location: 2F
2-2: Strikes out swinging
Top of the 9th over - 0 runs, 0 hits, 0 errors, 0 left on base; Wizarding 3 - Houston 8
Friday, March 29th, 2019 - OOTP Baseball 18.8 Build 76